TOP OF THE 1ST |
Minnesota Death Stars batting - Pitching for Erie Jaxx : RHP Steve Bigham
|
Pitching: RHP Steve Bigham
|
|
Batting: RHB Sergio Calderón
|
0-0: Foul Ball, location: 2F 0-1: Ball 1-1: Ball 2-1: Foul Ball, location: 2F 2-2: Ball 3-2: Strikes out swinging
|
Batting: RHB Sean King
|
0-0: Swinging Strike 0-1: Ball 1-1: Called Strike 1-2: Ball 2-2: Foul Ball, location: 2F 2-2: Foul Ball, location: 2F 2-2: Ball 3-2: Base on Balls
|
Batting: RHB Kel Weeks
|
0-0: Grounds into double play, 4-6-3 (Groundball, 34)
|
Top of the 1st over - 0 run(s), 0 hit(s), 0 error(s), 0 left on base; Minnesota 0 - Erie 0 |
BOTTOM OF THE 1ST |
Erie Jaxx batting - Pitching for Minnesota Death Stars : RHP Jorge Madrigal
|
Pitching: RHP Jorge Madrigal
|
|
Batting: RHB Ed Keesee
|
0-0: Ball 1-0: Ball 2-0: Ball 3-0: Base on Balls
|
Batting: SHB José Durango
|
0-0: Ball 1-0: Called Strike 1-1: Ball 2-1: Called Strike 2-2: Ball 3-2: Fly out, F8 (Line Drive, 78S)
|
Batting: LHB Josh Pérez
|
0-0: Foul Ball, location: 2F 0-1: Ball 1-1: Ball 2-1: SINGLE (Line Drive, 8RS) Ed Keesee to second
|
Batting: SHB Michael Field
|
0-0: Called Strike 0-1: Ball 1-1: Ball 2-1: Called Strike 2-2: Foul Ball, location: 2F 2-2: Ball 3-2: Fly out, F9 (Line Drive, 9LM) Lined into DP, 9-6 (Line Drive, 9LM)
|
Bottom of the 1st over - 0 run(s), 1 hit(s), 0 error(s), 1 left on base; Minnesota 0 - Erie 0 |
TOP OF THE 2ND |
Minnesota Death Stars batting - Pitching for Erie Jaxx : RHP Steve Bigham
|
Batting: RHB Christian Moss
|
0-0: Called Strike 0-1: Called Strike 0-2: Ball 1-2: Foul Ball, location: 2F 1-2: Ball 2-2: Foul Ball, location: 2F 2-2: Ball 3-2: Strikes out swinging
|
Batting: RHB Pat Bray
|
0-0: Swinging Strike 0-1: DOUBLE (Line Drive, 78D)
|
Batting: LHB Júlio Córdova
|
0-0: Called Strike 0-1: Called Strike 0-2: Strikes out swinging
|
Batting: RHB Raúl Flores
|
0-0: Ball 1-0: 2-RUN HOME RUN (Flyball, 7D), Distance : 340 ft
|
Batting: RHB Mike Wagner
|
0-0: Foul Ball, location: 2F 0-1: Called Strike 0-2: Foul Ball, location: 2F 0-2: Foul Ball, location: 2F 0-2: Ball 1-2: Ball 2-2: Ball 3-2: Strikes out looking
|
Top of the 2nd over - 2 run(s), 2 hit(s), 0 error(s), 0 left on base; Minnesota 2 - Erie 0 |
BOTTOM OF THE 2ND |
Erie Jaxx batting - Pitching for Minnesota Death Stars : RHP Jorge Madrigal
|
Batting: LHB Jim Knight
|
0-0: Ball 1-0: DOUBLE (Flyball, 7)
|
Batting: SHB Giel Molendijk
|
0-0: Ball 1-0: Swinging Strike 1-1: Ball 2-1: Ball 3-1: SINGLE (Groundball, 34D) Jim Knight to third Runner from 3rd tries for Home, SAFE, no throw
|
Batting: RHB Andrés Silva
|
0-0: Ground out 5-3 (Groundball, 56S) Giel Molendijk to second
|
Batting: RHB Ángel Serrano
|
0-0: Foul Ball, location: 2F 0-1: Swinging Strike 0-2: Strikes out looking
|
Batting: RHB Alfredo Ramírez
|
0-0: Ball 1-0: Ball 2-0: Ball 3-0: Called Strike 3-1: Fly out, F8 (Flyball, 8RS)
|
Bottom of the 2nd over - 1 run(s), 2 hit(s), 0 error(s), 1 left on base; Minnesota 2 - Erie 1 |
TOP OF THE 3RD |
Minnesota Death Stars batting - Pitching for Erie Jaxx : RHP Steve Bigham
|
Batting: RHB Octávio Ramos
|
0-0: Called Strike 0-1: Ball 1-1: Foul Ball, location: 2F 1-2: Ball 2-2: Ball 3-2: Base on Balls
|
Batting: RHB Sergio Calderón
|
0-0: Ball 1-0: Grounds into double play, 5-4-3 (Groundball, 5)
|
Batting: RHB Sean King
|
0-0: Ball 1-0: Ball 2-0: Swinging Strike 2-1: Ball 3-1: Base on Balls
|
Batting: RHB Kel Weeks
|
0-0: Fielders Choice at 2nd, 6-4 (Groundball, 6)
|
Top of the 3rd over - 0 run(s), 0 hit(s), 0 error(s), 0 left on base; Minnesota 2 - Erie 1 |
BOTTOM OF THE 3RD |
Erie Jaxx batting - Pitching for Minnesota Death Stars : RHP Jorge Madrigal
|
Batting: RHB Ed Keesee
|
0-0: Called Strike 0-1: Ball 1-1: Ball 2-1: Swinging Strike 2-2: Foul Ball, location: 2F 2-2: Ball 3-2: Strikes out swinging
|
Batting: SHB José Durango
|
0-0: Ball 1-0: Called Strike 1-1: Foul Ball, location: 2F 1-2: Ball 2-2: Fly out, F9 (Line Drive, 89M)
|
Batting: LHB Josh Pérez
|
0-0: Foul Ball, location: 2F 0-1: Ball 1-1: Foul Ball, location: 2F 1-2: Ball 2-2: Ball 3-2: Base on Balls
|
Batting: SHB Michael Field
|
0-0: Called Strike 0-1: Swinging Strike 0-2: Ball 1-2: Ball 2-2: Ball 3-2: Base on Balls Josh Pérez to second
|
Batting: LHB Jim Knight
|
0-0: Called Strike 0-1: Foul Ball, location: 2F 0-2: Ball 1-2: Strikes out swinging
|
Bottom of the 3rd over - 0 run(s), 0 hit(s), 0 error(s), 2 left on base; Minnesota 2 - Erie 1 |
TOP OF THE 4TH |
Minnesota Death Stars batting - Pitching for Erie Jaxx : RHP Steve Bigham
|
Batting: RHB Christian Moss
|
0-0: Called Strike 0-1: Ball 1-1: Ball 2-1: Ground out 5-3 (Groundball, 56S)
|
Batting: RHB Pat Bray
|
0-0: Ground out 5-3 (Groundball, 56)
|
Batting: LHB Júlio Córdova
|
0-0: SINGLE (Groundball, 4) (infield hit)
|
Batting: RHB Raúl Flores
|
0-0: Ball 1-0: Ball 2-0: Called Strike 2-1: Called Strike 2-2: SINGLE (Groundball, 34D) Júlio Córdova to second Júlio Córdova to third
|
Batting: RHB Mike Wagner
|
0-0: Called Strike Raúl Flores steals 2nd base 0-1: Ball 1-1: Foul Ball, location: 2F 1-2: Strikes out swinging
|
Top of the 4th over - 0 run(s), 2 hit(s), 0 error(s), 2 left on base; Minnesota 2 - Erie 1 |
BOTTOM OF THE 4TH |
Erie Jaxx batting - Pitching for Minnesota Death Stars : RHP Jorge Madrigal
|
Batting: SHB Giel Molendijk
|
0-0: Called Strike 0-1: Ball 1-1: Swinging Strike 1-2: Ball 2-2: Strikes out swinging
|
Batting: RHB Andrés Silva
|
0-0: Foul Ball, location: 2F 0-1: Ball 1-1: Ground out 6-3 (Groundball, 6)
|
Batting: RHB Ángel Serrano
|
0-0: Hit by Pitch
|
Batting: RHB Alfredo Ramírez
|
0-0: Ball 1-0: TRIPLE (Line Drive, 8RM) Ángel Serrano scores
|
Batting: RHB Ed Keesee
|
0-0: Ball 1-0: Foul Ball, location: 2F 1-1: Ball 2-1: Called Strike 2-2: Foul Ball, location: 2F 2-2: Strikes out swinging
|
Bottom of the 4th over - 1 run(s), 1 hit(s), 0 error(s), 1 left on base; Minnesota 2 - Erie 2 |
TOP OF THE 5TH |
Minnesota Death Stars batting - Pitching for Erie Jaxx : RHP Steve Bigham
|
Batting: RHB Octávio Ramos
|
0-0: Ball 1-0: Ball 2-0: Ball 3-0: Base on Balls
|
Batting: RHB Sergio Calderón
|
0-0: Ball 1-0: Fly out, F8 (Flyball, 8LM)
|
Batting: RHB Sean King
|
0-0: Foul Ball, location: 2F 0-1: Swinging Strike 0-2: Ball 1-2: Ball 2-2: Ball 3-2: Foul Ball, location: 2F 3-2: SINGLE (Groundball, 6MD) Octávio Ramos to second
|
Batting: RHB Kel Weeks
|
0-0: Ball 1-0: Ball 2-0: Fly out, F7 (Flyball, 7)
|
Batting: RHB Christian Moss
|
0-0: Called Strike 0-1: Ball 1-1: Ball 2-1: Ground out 1-3 (Groundball, 15S)
|
Top of the 5th over - 0 run(s), 1 hit(s), 0 error(s), 2 left on base; Minnesota 2 - Erie 2 |
BOTTOM OF THE 5TH |
Erie Jaxx batting - Pitching for Minnesota Death Stars : RHP Jorge Madrigal
|
Batting: SHB José Durango
|
0-0: Ball 1-0: Foul Ball, location: 2F 1-1: Ball 2-1: Fly out, F8 (Flyball, 8LM)
|
Pitching: RHP Luis López
|
|
Batting: LHB Josh Pérez
|
0-0: Called Strike 0-1: Swinging Strike 0-2: Foul Ball, location: 2F 0-2: SINGLE (Line Drive, 4MD)
|
Batting: SHB Michael Field
|
0-0: Called Strike 0-1: Ball 1-1: Foul Ball, location: 2F 1-2: Ground out 3-1 (Groundball, 34S) Josh Pérez to second
|
Batting: LHB Jim Knight
|
0-0: Called Strike 0-1: Swinging Strike 0-2: Ball 1-2: Foul Ball, location: 2F 1-2: Foul Ball, location: 2F 1-2: Foul Ball, location: 2F 1-2: SINGLE (Flyball, 7S) Josh Pérez to third Runner from 3rd tries for Home, SAFE, no throw
|
Batting: SHB Giel Molendijk
|
0-0: Called Strike 0-1: Called Strike 0-2: Strikes out swinging
|
Bottom of the 5th over - 1 run(s), 2 hit(s), 0 error(s), 1 left on base; Minnesota 2 - Erie 3 |
TOP OF THE 6TH |
Minnesota Death Stars batting - Pitching for Erie Jaxx : RHP Steve Bigham
|
Pitching: LHP Jason Dean
|
|
Batting: RHB Pat Bray
|
0-0: Ball 1-0: Ball 2-0: Ball 3-0: Called Strike 3-1: Foul Ball, location: 2F 3-2: Base on Balls
|
Batting: LHB Júlio Córdova
|
Pickoff Throw to First - Error! E1 Pat Bray to second 0-0: Ball 1-0: Ball 2-0: Ball 3-0: Called Strike 3-1: Base on Balls
|
Batting: RHB Raúl Flores
|
0-0: Ball 1-0: Ball 2-0: Called Strike 2-1: Foul Ball, location: 2F 2-2: Strikes out swinging
|
Batting: RHB Mike Wagner
|
0-0: Called Strike 0-1: Called Strike 0-2: Strikes out swinging
|
Batting: RHB Octávio Ramos
|
0-0: Ball 1-0: Called Strike 1-1: Foul Ball, location: 2F 1-2: Fielders Choice at 2nd, 6-4 (Groundball, 6)
|
Top of the 6th over - 0 run(s), 0 hit(s), 1 error(s), 1 left on base; Minnesota 2 - Erie 3 |
BOTTOM OF THE 6TH |
Erie Jaxx batting - Pitching for Minnesota Death Stars : RHP Luis López
|
Batting: RHB Andrés Silva
|
0-0: Ball 1-0: Called Strike 1-1: Ball 2-1: Ground out 5-3 (Groundball, 56)
|
Batting: RHB Ángel Serrano
|
0-0: Called Strike 0-1: Ground out 4-3 (Groundball, 4MS)
|
Batting: RHB Alfredo Ramírez
|
0-0: Fly out, F9 (Flyball, 9S)
|
Bottom of the 6th over - 0 run(s), 0 hit(s), 0 error(s), 0 left on base; Minnesota 2 - Erie 3 |
TOP OF THE 7TH |
Minnesota Death Stars batting - Pitching for Erie Jaxx : LHP Jason Dean
|
Batting: RHB Sergio Calderón
|
0-0: Ball 1-0: Called Strike 1-1: Ground out 1-3 (Groundball, 13)
|
Batting: RHB Sean King
|
0-0: Foul Ball, location: 2F 0-1: Swinging Strike 0-2: Strikes out swinging
|
Batting: RHB Kel Weeks
|
0-0: Called Strike 0-1: Ball 1-1: Foul Ball, location: 2F 1-2: DOUBLE (Flyball, 7LM)
|
Batting: RHB Christian Moss
|
0-0: Ball 1-0: Ball 2-0: Foul Ball, location: 2F 2-1: Fly out, F8 (Flyball, 78D)
|
Top of the 7th over - 0 run(s), 1 hit(s), 0 error(s), 1 left on base; Minnesota 2 - Erie 3 |
BOTTOM OF THE 7TH |
Erie Jaxx batting - Pitching for Minnesota Death Stars : RHP Luis López
|
Batting: RHB Ed Keesee
|
0-0: DOUBLE (Line Drive, 78D)
|
Batting: SHB José Durango
|
0-0: Ball 1-0: Ball 2-0: Ball 3-0: Base on Balls
|
Pitching: LHP Tom Workman
|
|
Batting: LHB Josh Pérez
|
0-0: Swinging Strike 0-1: Called Strike 0-2: Ball 1-2: Strikes out swinging
|
Batting: SHB Michael Field
|
0-0: Ball 1-0: Swinging Strike 1-1: Foul Ball, location: 2F 1-2: Ball 2-2: Ball 3-2: Base on Balls Ed Keesee to third José Durango to second
|
Pitching: LHP Kurt Brown
|
|
Batting: LHB Jim Knight
|
0-0: Foul Ball, location: 2F 0-1: Ball 1-1: Foul Ball, location: 2F 1-2: Foul Ball, location: 2F 1-2: Ball 2-2: Ball 3-2: Base on Balls Ed Keesee scores José Durango to third Michael Field to second
|
Batting: SHB Giel Molendijk
|
0-0: Ball 1-0: Ball 2-0: Ball 3-0: Called Strike 3-1: Base on Balls José Durango scores Michael Field to third Jim Knight to second
|
Batting: RHB Andrés Silva
|
0-0: Ball 1-0: Ball 2-0: Fly out, F8 (Flyball, 78D) Runner from 3rd tags up, SCORES, no throw
|
Batting: RHB Ángel Serrano
|
0-0: Called Strike 0-1: Ball 1-1: Fly out, F6 (Line Drive, 6)
|
Bottom of the 7th over - 3 run(s), 1 hit(s), 0 error(s), 2 left on base; Minnesota 2 - Erie 6 |
TOP OF THE 8TH |
Minnesota Death Stars batting - Pitching for Erie Jaxx : LHP Jason Dean
|
Batting: RHB Pat Bray
|
0-0: Ball 1-0: Called Strike 1-1: Ground out 6-3 (Groundball, 6)
|
Batting: LHB Júlio Córdova
|
0-0: Called Strike 0-1: Ball 1-1: Ball 2-1: Swinging Strike 2-2: Fly out, F3 (Popup, 3L)
|
Batting: RHB Raúl Flores
|
0-0: Ball 1-0: Foul Ball, location: 2F 1-1: Ball 2-1: Foul Ball, location: 2F 2-2: Foul Ball, location: 2F 2-2: Fly out, F9 (Flyball, 9LS)
|
Top of the 8th over - 0 run(s), 0 hit(s), 0 error(s), 0 left on base; Minnesota 2 - Erie 6 |
BOTTOM OF THE 8TH |
Erie Jaxx batting - Pitching for Minnesota Death Stars : LHP Kurt Brown
|
Batting: RHB Alfredo Ramírez
|
0-0: Ball 1-0: Ball 2-0: Fly out, F8 (Flyball, 8LS)
|
Batting: RHB Ed Keesee
|
0-0: Ball 1-0: Foul Ball, location: 2F 1-1: Swinging Strike 1-2: DOUBLE (Groundball, 5L)
|
Batting: SHB José Durango
|
0-0: Called Strike 0-1: Ball 1-1: Foul Ball, location: 2F 1-2: Ball 2-2: Ball 3-2: Fly out, F7 (Flyball, 78M)
|
Batting: LHB Josh Pérez
|
0-0: Ball 1-0: Swinging Strike 1-1: Ball 2-1: Ball 3-1: Called Strike 3-2: SINGLE (Line Drive, 9LS) Ed Keesee to third Ed Keesee scores
|
Batting: SHB Michael Field
|
0-0: Called Strike 0-1: Called Strike 0-2: Ball 1-2: Foul Ball, location: 2F 1-2: DOUBLE (Line Drive, 8LD) Josh Pérez to third Runner from 3rd tries for Home, throw and OUT!
|
Bottom of the 8th over - 1 run(s), 3 hit(s), 0 error(s), 1 left on base; Minnesota 2 - Erie 7 |
TOP OF THE 9TH |
Minnesota Death Stars batting - Pitching for Erie Jaxx : LHP Jason Dean
|
Pitching: RHP Carlos Olmedo
|
|
Now at C: José Hernández
|
|
Now at 1B: Edgardo Castro
|
|
Now at 3B: Júlio Hernández
|
|
Now at SS: Guaspar Vasche
|
|
Now in RF: William Wilson
|
|
Batting: RHB Mike Wagner
|
0-0: Foul Ball, location: 2F 0-1: Swinging Strike 0-2: Ball 1-2: Strikes out swinging
|
Batting: RHB Octávio Ramos
|
0-0: Called Strike 0-1: Swinging Strike 0-2: Foul Ball, location: 2F 0-2: Hit by Pitch
|
Batting: RHB Sergio Calderón
|
0-0: Ball 1-0: Foul Ball, location: 2F 1-1: DOUBLE (Groundball, 3L) Octávio Ramos to third Runner from 3rd tries for Home, SAFE, throw made at trailing runner, SAFE at third!
|
Batting: RHB Sean King
|
0-0: Ball 1-0: Ball 2-0: Ball 3-0: Called Strike 3-1: Called Strike 3-2: Base on Balls
|
Pitching: LHP Rafael Romero
|
|
Batting: RHB Kel Weeks
|
0-0: Called Strike 0-1: Foul Ball, location: 2F 0-2: Ball 1-2: Strikes out swinging
|
Batting: RHB Christian Moss
|
0-0: Foul Ball, location: 2F 0-1: Ball 1-1: Foul Ball, location: 2F 1-2: Ground out 1-3 (Groundball, 13S)
|
Top of the 9th over - 1 run(s), 1 hit(s), 0 error(s), 2 left on base; Minnesota 3 - Erie 7 |
|